 Dungeon Sprint DCSS version 0.30.1-11-g7821555f0a (webtiles) character file.

Game seed: 7758163672940213656

1090 Groucho the Fighter (level 8, -13/85 HPs)
             Began as a Naga Fighter on Jan 2, 2024.
             Was a Priest of Cheibriados.
             Mangled by a two-headed ogre
             ... wielding a +0 giant club
              (24 damage)
             ... in the Dungeon (Sprint IX: "|||||||||||||||||||||||||||||").
             The game lasted 00:02:34 (1428 turns).

Groucho the Fighter (Naga Fighter)                  Turns: 1428, Time: 00:02:34

Health: -13/85     AC: 10    Str: 26    XL:     8   Next: 31%
Magic:  11/11      EV:  8    Int: 19    God:    Cheibriados [***...]
Gold:   0          SH:  7    Dex: 22    Spells: 7/7 levels left

rFire   + . .        m - +1 broad axe (flame)
rCold   . . .        c - +0 buckler
rNeg    . . .        a - +2 ring mail {rF+}
rPois   +            (no helmet)
rElec   .            (no cloak)
rCorr   .            (no gloves)
SInv    +            (no barding)
Will    +....        (no amulet)
Stlth   +            b - +2 ring of protection
HPRegen 0.34/turn    n - +3 ring of intelligence
MPRegen 0.12/turn

%: no teleportation
@: mighty, very slow
A: AC +2, large, see invisible, deformed body, poison resistance, slowness 2,
spit poison 1, naga tail 1
a: Spit Poison, Renounce Religion, Bend Time, Temporal Distortion


You were in the Dungeon.
You worshipped Cheibriados.
Cheibriados was most pleased with you.
You visited 1 branch

Inventory:

Hand Weapons
 m - a +1 broad axe of flaming (weapon)
Armour
 a - a +2 ring mail of fire resistance (worn)
 c - a +0 buckler (worn)
Jewellery
 b - a +2 ring of protection (left hand)
 n - a +3 ring of intelligence (right hand)
Wands
 l - a wand of iceblast (10)
Scrolls
 j - a scroll of blinking
 k - 2 scrolls of amnesia
Potions
 e - 2 potions of curing
 g - a potion of haste
 h - 4 potions of magic


   Skills:
 + Level 9.3 Fighting
 + Level 8.9 Axes
 + Level 7.7 Armour
 + Level 8.4 Shields
 * Level 4.3 Invocations


You had 7 spell levels left.
You didn't know any spells.
Your spell library was empty.

Dungeon Overview and Level Annotations

Branches:
Dungeon (1/1)

Altars:
Cheibriados
Dithmenos
Elyvilon
Fedhas
Gozag
Hepliaklqana
Kikubaaqudgha
Makhleb
Nemelex Xobeh
Okawaru
Qazlal
Ru
Sif Muna
Trog
Uskayaw
Vehumet
Wu Jian
Xom
Yredelemnul
Zin
The Shining One
Jiyva
Lugonu


Innate Abilities, Weirdness & Mutations

Your serpentine skin is tough. (AC +2)
You have supernaturally acute eyesight. (SInv)
Armour fits poorly on your strangely shaped body.
Your system is resistant to poisons. (rPois)
You cover ground very slowly.
You can spit poison.
You have a snake-like lower body.


Message History

a +0 robe; a +0 dagger You open the door.
The two-headed ogre shouts in stereo!
The manticore flicks its tail.
The volley of spikes misses you.
Okay, then.
The manticore bites you.
The manticore claws you but does no damage.
The manticore claws you. You block the manticore's attack.
The manticore closely misses you.
The manticore claws you but does no damage.
There is an open door to the Dungeon, spattered with blood here.
You barely miss the manticore. You block the manticore's attack.
The manticore claws you but does no damage.
The manticore claws you!
Unknown command.
Okay, then.
You barely miss the manticore. The manticore bites you!!
The manticore barely misses you.
The manticore claws you but does no damage.
Unknown command.
You feel very mighty all of a sudden. The manticore bites you!
The manticore barely misses you. x2
Unknown command.
Unknown command.
You slash the manticore! You burn the manticore!
The manticore is heavily wounded.
The manticore bites you!
* * * LOW HITPOINT WARNING * * *
The manticore claws you but does no damage.
The manticore barely misses you.
Unknown command.
You slice the manticore!! You burn the manticore!
You kill the manticore!
Cheibriados appreciates the change of pace.
Cheibriados raises the support of your attributes as your movement slows.
The two-headed ogre hits you with a +0 giant club!
* * * LOW HITPOINT WARNING * * *
The two-headed ogre hits you with a +0 giant spiked club!!
You die... ▓▓▓▓▓▓▓▓▓▓▓▓▓▓▓▓▓▓▓▓▓▓▓▓▓▓▓▓▓▓ ______'..).[[[.[@OCx...(.Cxu.. ▓▓▓▓▓▓▓▓▓▓▓▓▓▓▓▓▓▓▓▓▓▓▓▓▓▓▓▓▓▓

You could see a two-headed ogre, a cyclops and an unseen horror (invisible).

Vanquished Creatures
  A manticore (D)
  A cyclops (D)
  A kobold demonologist (D)
  A wraith (D)
  A water moccasin (D)
  A wight (D)
  A killer bee (D)
  A hound (D)
  A gnoll bouda (D)
  An iguana (D)
  An orc wizard (D)
  2 ufetubi (D)
  A bat (D)
  A giant cockroach (D)
  A hobgoblin (D)
  A kobold (D)
  A ball python (D)
18 creatures vanquished.

Notes
Turn   | Place    | Note
-------+----------+-------------------------------------------
     0 | D        | Groucho the Naga Fighter began the quest for the Orb.
     0 | D        | Reached XP level 1. HP: 21/21 MP: 1/1
    20 | D        | Noticed an iguana
    20 | D        | Noticed a hound
    20 | D        | Noticed a water moccasin
    27 | D        | Killed an iguana
    28 | D        | Reached skill level 4 in Fighting
    28 | D        | Reached XP level 2. HP: 30/30 MP: 2/2
    28 | D        | Reached XP level 3. HP: 36/36 MP: 3/3
    33 | D        | Reached XP level 4. HP: 45/45 MP: 4/4
    38 | D        | Killed a water moccasin
    39 | D        | Reached skill level 6 in Fighting
    39 | D        | Reached skill level 5 in Axes
    39 | D        | Reached skill level 5 in Armour
    39 | D        | Reached skill level 5 in Shields
    39 | D        | Reached XP level 5. HP: 18/55 MP: 5/5
    45 | D        | Found a snail-covered altar of Cheibriados.
    45 | D        | Found a shadowy altar of Dithmenos.
    45 | D        | Found a white marble altar of Elyvilon.
    45 | D        | Found a blossoming altar of Fedhas.
    45 | D        | Found an opulent altar of Gozag.
    46 | D        | Found a hazy altar of Hepliaklqana.
    47 | D        | Found a viscous altar of Jiyva.
    48 | D        | Found an ancient bone altar of Kikubaaqudgha.
    49 | D        | Became a worshipper of Cheibriados the Contemplative
   359 | D        | Found a corrupted altar of Lugonu.
   360 | D        | Found a burning altar of Makhleb.
   361 | D        | Found a sparkling altar of Nemelex Xobeh.
   362 | D        | Found an iron altar of Okawaru.
   363 | D        | Found a stormy altar of Qazlal.
   364 | D        | Found a sacrificial altar of Ru.
   365 | D        | Found a shimmering blue altar of Sif Muna.
   366 | D        | Found a bloodstained altar of Trog.
   367 | D        | Found a hide-covered altar of Uskayaw.
   368 | D        | Found a radiant altar of Vehumet.
   369 | D        | Found an ornate altar of the Wu Jian Council.
   370 | D        | Found a shimmering altar of Xom.
   371 | D        | Found a basalt altar of Yredelemnul.
   372 | D        | Found a glowing silver altar of Zin.
   373 | D        | Found a glowing golden altar of the Shining One.
   414 | D        | Noticed a wraith
   414 | D        | Noticed a kobold demonologist
   417 | D        | Reached XP level 6. HP: 63/63 MP: 6/6
   427 | D        | Noticed a ynoxinul
   428 | D        | Noticed a hellwing
   440 | D        | Noticed an ice devil
   442 | D        | Killed a wraith
   442 | D        | Reached * piety under Cheibriados
   443 | D        | Reached skill level 7 in Fighting
   452 | D        | Reached ** piety under Cheibriados
   454 | D        | Noticed an orange demon
   460 | D        | Noticed a smoke demon
   461 | D        | Killed a kobold demonologist
   462 | D        | Reached skill level 8 in Fighting
   462 | D        | Reached XP level 7. HP: 24/75 MP: 7/7
   468 | D        | Reached *** piety under Cheibriados
   914 | D        | Noticed a cyclops
   914 | D        | Noticed a manticore
   914 | D        | Noticed a two-headed ogre
   914 | D        | Noticed a cyclops
   914 | D        | Noticed an unseen horror
   914 | D        | Noticed a purple ugly thing
   920 | D        | Killed a cyclops
   921 | D        | Reached skill level 9 in Fighting
   921 | D        | Reached XP level 8. HP: 59/85 MP: 7/11
  1428 | D        | Killed a manticore
  1428 | D        | Mangled by a two-headed ogre

Illustrated notes

Levels and vault maps discovered:
D:        linesprint [early_d, line_temple, items_1, d_10, items_2, lair_1,
          lair_end, items_3, orc_1, orc_end, items_4, d_15, swamp_1, shoals_1,
          snake_1, spider_1, d_20, vaults_1, items_5, swamp_end, shoals_end,
          snake_end, spider_end, vaults_end, d_27, items_6, zot_1, zot_end,
          crypt_end, forest_end, elf_end, slime_end, tomb_end, abyss_end,
          pan_hell_end]

Skill      XL: |  1  2  3  4  5  6  7 |
---------------+----------------------+-----
Shields        | 3 4 5 6 7 8 |  8.4
Fighting       | 4 6 8 9 |  9.3
Axes           | 3 4 5 6 8 |  8.9
Armour         | 3 4 5 7 |  7.7
Invocations    | 4 |  4.3

Action                     |  1- 3 |  4- 6 |  7- 9 || total
---------------------------+-------+-------+-------++-------
  Melee: War axe           |    21 |     6 |       ||    27
         Broad axe         |       |    43 |    18 ||    61
    Use: Potion            |     1 |     3 |     5 ||     9
         Scroll            |       |       |     1 ||     1
 Armour: Scale mail        |    10 |       |       ||    10
         Ring mail         |       |    32 |    16 ||    48
  Dodge: Dodged            |     3 |    31 |    12 ||    46
  Block: Buckler           |     4 |    24 |     9 ||    37
